 Dungeon Crawl Stone Soup version 0.20-a0-432-g25cc1b4 (webtiles) character file.

686 Kriby the Magician (level 7, 0/46 HPs)
             Began as a Mummy Fire Elementalist on Jan 2, 2017.
             Slain by MarvinPA's ghost (4 damage)
             ... on level 4 of the Dungeon.
             The game lasted 00:07:37 (5093 turns).

Kriby the Magician (Mummy Fire Elementalist)        Turns: 5093, Time: 00:07:38

Health: 0/46       AC:  3    Str: 12    XL:     7   Next: 35%
Magic:  0/15       EV: 12    Int: 16    God:
Gold:   157        SH:  0    Dex: 12    Spells: 1/16 levels left

rFire  x . .     SeeInvis .     d - +0 dagger
rCold  + . .     Gourm    .     a - +0 robe
rNeg   + + +     Faith    .     (no shield)
rPois  ∞         Spirit   .     (no helmet)
rElec  .         Reflect  .     (no cloak)
rCorr  .         Harm     .     c - +0 pair of gloves
MR     +....                    (no boots)
Stlth  ++........               (no amulet)
                                (no ring)
                                n - ring of protection from magic

@: no status effects
A: no food or potions, fire vulnerability, cold resistance 1, negative energy
resistance 3, torment resistance, unbreathing
a: no special abilities


You were on level 4 of the Dungeon.
You were not hungry.

You visited 1 branch of the dungeon, and saw 4 of its levels.

You collected 177 gold pieces.
You spent 20 gold pieces at shops.

Inventory:

Hand Weapons
 d - a +0 dagger (weapon)
Missiles
 o - 6 tomahawks of returning (quivered)
 q - 8 javelins
Armour
 a - a +0 robe (worn)
 c - a +0 pair of gloves (worn)
Jewellery
 n - a ring of protection from magic (left hand)
Wands
 f - a wand of clouds (3/9)
 m - a wand of clouds (6/9)
Scrolls
 e - 5 scrolls of identify
 g - a scroll of recharging {unknown}
 h - a scroll of teleportation {unknown}
 j - a scroll of random uselessness {unknown}
 k - a scroll of enchant armour {unknown}
 l - 2 scrolls of remove curse
Books
 b - a book of Flames

   Spells                             Type                      Level
   a - Flame Tongue                   Conjuration/Fire             1
   b - Throw Flame                    Conjuration/Fire             2
   c - Conjure Flame                  Conjuration/Fire             3
   d - Inner Flame                    Hexes/Fire                   3
   e - Sticky Flame                   Conjuration/Fire             4
   f - Fireball                       Conjuration/Fire             5
 p - a book of Changes

   Spells                             Type                      Level
   a - Beastly Appendage              Transmutation                1
   b - Sticks to Snakes               Transmutation                2
   c - Spider Form                    Transmutation/Poison         3
   d - Ice Form                       Ice/Transmutation            4
   e - Blade Hands                    Transmutation                5


   Skills:
 - Level 1.5 Dodging
 - Level 1.5 Stealth
 + Level 5.4 Spellcasting
 * Level 4.6 Conjurations
 + Level 4.2 Fire Magic


You had one spell level left.
You knew the following spells:

 Your Spells              Type           Power        Failure   Level  Hunger
a - Flame Tongue          Conj/Fire      ###..        2%          1    N/A
b - Conjure Flame         Conj/Fire      ###.....     10%         3    N/A
c - Sticky Flame          Conj/Fire      ###.....     28%         4    N/A
d - Throw Flame           Conj/Fire      ###...       4%          2    N/A
e - Fireball              Conj/Fire      ###.......   75%         5    N/A

Dungeon Overview and Level Annotations

Branches:
Dungeon (4/15)
 Temple: D:4-7

Altars:

Shops:
D:4 (((*}

Annotations:
D:3 exclusion: downstairs
D:4 MarvinPA's ghost, amateur DgTm


Innate Abilities, Weirdness & Mutations

You do not eat or drink.
Your flesh is vulnerable to fire.
You are immune to poison.
Your flesh is cold resistant. (rC+)
You are immune to negative energy. (rN+++)
You are immune to unholy pain and torment.
You can survive without breathing.


Message History

Aiming: Flame Tongue
Press: ? - help, Shift-Dir - straight line, f/p - MarvinPA's ghost
Aim: MarvinPA's ghost (severely damaged)
The flame tongue misses MarvinPA's ghost.
MarvinPA's ghost closely misses you.
Casting: Flame Tongue
Confirm with . or Enter, or press ? or * to list all spells.
Aiming: Flame Tongue
Press: ? - help, Shift-Dir - straight line, f/p - MarvinPA's ghost
Aim: MarvinPA's ghost (severely damaged)
The flame tongue hits MarvinPA's ghost.
MarvinPA's ghost is severely damaged.
MarvinPA's ghost misses you.
As you read the scroll labeled LIGESO KIER, it crumbles to dust.
You feel blessed for a moment.
It was a scroll of remove curse.
MarvinPA's ghost closely misses you.
As you read the scroll labeled NUWOLAYSTRO, it crumbles to dust.
You feel aware of your surroundings.
It was a scroll of magic mapping.
MarvinPA's ghost hits you.
You die...

*,,,..........*,*
###'*...#....##.*
##########...##..#......,*
.........,..>#≈≈.≈≈#..#,**
#..###.#***#.≈≈≈≈≈≈≈.##,***
##.###...*##≈≈≈≈≈≈≈≈≈≈#..,**
#..##.#.##≈≈≈≈#.(≈≈≈≈≈..,,*
##.##.##.≈≈#≈≈...)≈≈≈≈.#*,*
#.##.##≈≈≈≈≈≈≈@)≈≈≈≈≈≈#,,*
#.##.#†≈≈≈#≈≈≈W≈≈#≈≈##≈,**
#..#..≈≈≈≈≈#≈...≈≈≈≈≈#≈,,*
##.#...≈≈≈≈≈†.<.≈≈≈≈≈≈?,,*
####.#..≈≈≈≈≈≈≈...≈≈≈≈##≈,,*
..##..#.≈≈≈≈≈≈≈≈.÷≈≈≈≈≈≈≈,**
#..##.#.#≈≈≈#≈≈≈?≈≈≈≈≈≈≈,,*
.#.##.....≈≈≈≈≈.<≈.≈≈≈≈.,,*
...#.....#≈≈≈≈≈?..≈≈≈≈≈#,,*


You could see MarvinPA's ghost.

Vanquished Creatures
  Grinder (D:4)
  Sigmund (D:2)
  A phantom (D:4)
  A hound (D:4)
  An iguana (D:4)
  2 worker ants (D:4)
  2 adders
  4 worms
  10 dart slugs
  A leopard gecko (D:3)
  5 orcs
  A ball python (D:3)
  8 bats
  2 giant cockroaches
  7 goblins
  12 hobgoblins
  4 jackals (D:3)
  4 quokkas
  4 frilled lizards
  7 kobolds
  8 rats
86 creatures vanquished.

Notes
Turn   | Place    | Note
-------+----------+-------------------------------------------
     0 | D:1      | Kriby the Mummy Fire Elementalist began the quest for the Orb.
     0 | D:1      | Reached XP level 1. HP: 13/13 MP: 4/4
   244 | D:1      | Reached skill level 3 in Spellcasting
   301 | D:1      | Reached skill level 1 in Conjurations
   301 | D:1      | Reached XP level 2. HP: 14/19 MP: 0/6
  1319 | D:2      | Noticed Sigmund
  1341 | D:2      | Killed Sigmund
  1341 | D:2      | Reached skill level 4 in Spellcasting
  1341 | D:2      | Reached XP level 3. HP: 2/24 MP: 0/8
  1341 | D:2      | Reached XP level 4. HP: 3/30 MP: 0/10
  1341 | D:2      | Reached XP level 5. HP: 3/35 MP: 0/11
  1500 | D:2      | Learned a level 3 spell: Conjure Flame
  1505 | D:2      | Learned a level 4 spell: Sticky Flame
  1508 | D:2      | Learned a level 2 spell: Throw Flame
  3665 | D:3      | Reached XP level 6. HP: 36/41 MP: 5/12
  4236 | D:4      | Found Tiq Iguf's Weapon Shoppe.
  4403 | D:4      | Found Irghupt's Weapon Emporium.
  4412 | D:4      | Found Qegux Ysitt's Weapon Emporium.
  4696 | D:4      | Found Neogeupo's Gadget Shoppe.
  4697 | D:4      | Found Utyust's General Store.
  4701 | D:4      | Noticed Grinder
  4721 | D:4      | Killed Grinder
  4721 | D:4      | Reached skill level 5 in Spellcasting
  4721 | D:4      | Reached XP level 7. HP: 46/46 MP: 4/15
  4728 | D:4      | Learned a level 5 spell: Fireball
  4730 | D:4      | Bought a scroll of identify for 20 gold pieces
  4965 | D:4      | Noticed MarvinPA's ghost (amateur DgTm)
  5093 | D:4      | Slain by MarvinPA's ghost

Vault maps used:
D:1:      lightli_arrival_statue_moat
D:2:      minmay_domino_4, uniq_sigmund
D:3:      hangedman_glass_teeth
D:4:      kennysheep_slugbush, first_bread, serial_shops, shop, shop,
          nicolae_shop_crystal, shop, nicolae_shop_stone,
          kennysheep_flooded_box, uniq_duvessa, uniq_grinder

Skill      XL: |  1  2  3  4  5  6 |
---------------+-------------------+-----
Spellcasting   | 3 4 5 |  5.4
Conjurations   | 1 3 4 |  4.6
Fire Magic     | 3 4 |  4.2
Dodging        | |  1.5
Stealth        | |  1.5

Action                   |  1- 3 |  4- 6 |  7- 9 || total
-------------------------+-------+-------+-------++-------
Melee: Unarmed           |     3 |       |       ||     3
       Dagger            |       |     4 |       ||     4
 Cast: Flame Tongue      |    35 |   125 |    34 ||   194
       Conjure Flame     |       |     3 |       ||     3
Evoke: Wand              |     1 |       |       ||     1
  Use: Scroll            |       |     1 |     2 ||     3
Armor: Robe              |     3 |     4 |     4 ||    11
Dodge: Dodged            |    13 |    25 |    10 ||    48
